General information
- name: BNet
- type: Ladder team game (AT/RT)
- host: Battle.net
- saver: THENEWB
map: Deadlock
- players: 8
- length: 38:33
- speed: Fast
- version: 1.27 W3XP
- replay type: Public
» download(239 KB)
Players
team 1 (loser)

»
coco] (
pink | 74 APM | 2835 actions | 38:09)
5 Priestess of the Moon
3 Trueshot Aura
2 Searing Arrows
3 Keeper of the Grove
1 Thorns Aura
2 Entangling Roots
» actions
| Assign group hotkey | 32 | |
| Basic commands | 28 | |
| Build / train | 143 | |
| Enter build submenu | 28 | |
| Enter hero's abilities submenu | 8 | |
| Give item / drop item | 1 | |
| Remove unit from queue | 4 | |
| Right click | 1036 | |
| Select / deselect | 448 | |
| Select group hotkey | 1061 | |
| Use ability | 46 | |
2835 total
» units
| Wisp | 51 | |
| Dryad | 45 | |
| Druid of the Talon | 19 | |
| Hippogryph | 3 | |
118 total
» upgrades
| Strength of the Wild | 2 | |
| Reinforced Hides | 2 | |
| Abolish Magic | 1 | |
| Druid of the Talon Training | 1 | |
6 total
» buildings
| Altar of Elders | 2 | |
| Moon Well | 8 | |
| Tree of Ages | 1 | |
| Hunter's Hall | 1 | |
| Ancient of Lore | 4 | |
| Ancient of Wind | 1 | |
| Ancient of Wonders | 1 | |
| Tree of Life | 8 | |
26 total
» build order
00:14 Altar of Elders
00:20 Moon Well
02:27 Tree of Ages
02:32 Hunter's Hall
03:05 Moon Well
03:52 Moon Well
04:06 Moon Well
05:05 Ancient of Lore
05:36 Ancient of Lore
05:39 Ancient of Lore
05:51 Ancient of Lore
06:54 Moon Well
06:58 Ancient of Wind
07:54 Ancient of Wonders
11:08 Tree of Life
12:29 Moon Well
12:32 Moon Well
12:52 Tree of Life
19:50 Tree of Life
22:08 Tree of Life
30:46 Tree of Life
31:13 Tree of Life
31:58 Altar of Elders
33:19 Moon Well
35:23 Tree of Life
36:36 Tree of Life
» items
| Scroll of Town Portal | 3 | |
| Potion of Healing | 3 | |
6 total
dfgjjjkyshdgkds (
blue | 65 APM | 2395 actions | 36:53)
5 Beastmaster
2 Summon Quilbeast
3 Summon Hawk
» actions
| Assign group hotkey | 64 | |
| Basic commands | 90 | |
| Build / train | 89 | |
| ESC pressed | 2 | |
| Enter build submenu | 31 | |
| Enter hero's abilities submenu | 5 | |
| Give item / drop item | 2 | |
| Remove unit from queue | 4 | |
| Right click | 841 | |
| Select / deselect | 432 | |
| Select group hotkey | 646 | |
| Use ability | 189 | |
2395 total
» units
| Wisp | 37 | |
| Archer | 10 | |
| Druid of the Talon | 11 | |
58 total
» upgrades
| Improved Bows | 1 | |
| Ultravision | 1 | |
| Druid of the Talon Training | 2 | |
| Mark of the Talon | 1 | |
5 total
» buildings
| Moon Well | 7 | |
| Ancient of War | 2 | |
| Altar of Elders | 1 | |
| Ancient of Wonders | 1 | |
| Hunter's Hall | 1 | |
| Tree of Ages | 2 | |
| Ancient Protector | 15 | |
| Ancient of Wind | 2 | |
| Tree of Life | 5 | |
| Tree of Eternity | 1 | |
37 total
» build order
00:21 Moon Well
00:25 Ancient of War
00:36 Altar of Elders
01:55 Moon Well
02:17 Moon Well
02:52 Moon Well
02:58 Moon Well
03:40 Moon Well
04:04 Ancient of Wonders
04:55 Hunter's Hall
05:52 Tree of Ages
06:28 Ancient Protector
07:23 Ancient Protector
08:25 Ancient of Wind
08:58 Ancient of Wind
11:08 Tree of Life
11:12 Ancient Protector
11:18 Ancient Protector
11:40 Ancient Protector
11:45 Ancient Protector
12:24 Ancient Protector
16:30 Ancient Protector
16:31 Ancient Protector
16:34 Ancient Protector
16:37 Ancient Protector
16:43 Ancient Protector
16:44 Ancient Protector
16:47 Ancient Protector
16:49 Ancient Protector
17:23 Tree of Life
18:52 Tree of Ages
19:14 Moon Well
20:28 Ancient of War
22:09 Tree of Eternity
26:40 Tree of Life
33:59 Tree of Life
34:40 Tree of Life
» items
| Dust of Appearance | 1 | |
| Scroll of Town Portal | 5 | |
| Potion of Healing | 2 | |
| Lesser Clarity Potion | 2 | |
| Potion of Mana | 1 | |
11 total
THENEWB (
orange | 22 APM | 862 actions | 38:33)
2 Paladin
1 Divine Shield
1 Devotion Aura
» actions
| Assign group hotkey | 38 | |
| Basic commands | 107 | |
| Build / train | 49 | |
| Enter build submenu | 16 | |
| Enter hero's abilities submenu | 2 | |
| Remove unit from queue | 3 | |
| Right click | 394 | |
| Select / deselect | 184 | |
| Select group hotkey | 27 | |
| Use ability | 42 | |
862 total
» units
» upgrades
» buildings
| Altar of Kings | 1 | |
| Town Hall | 1 | |
| Keep | 1 | |
| Lumber Mill | 2 | |
| Scout Tower | 8 | |
| Arcane Tower | 1 | |
| Guard Tower | 4 | |
18 total
» build order
00:46 Altar of Kings
03:47 Town Hall
04:43 Keep
07:03 Lumber Mill
10:01 Scout Tower
10:33 Arcane Tower
11:27 Lumber Mill
11:41 Scout Tower
11:43 Scout Tower
11:47 Scout Tower
11:50 Scout Tower
11:53 Scout Tower
12:12 Guard Tower
12:18 Guard Tower
12:29 Guard Tower
12:58 Scout Tower
13:00 Scout Tower
14:08 Guard Tower
» items
| Staff of Teleportation | 1 | |
| Boots of Speed | 1 | |
2 total
cowichan (
teal | 52 APM | 1927 actions | 37:23)
4 Mountain King
2 Storm Bolt
2 Bash
3 Paladin
1 Holy Light
2 Divine Shield
» actions
| Assign group hotkey | 39 | |
| Basic commands | 21 | |
| Build / train | 146 | |
| Enter build submenu | 45 | |
| Enter hero's abilities submenu | 7 | |
| Give item / drop item | 1 | |
| Remove unit from queue | 1 | |
| Right click | 676 | |
| Select / deselect | 519 | |
| Select group hotkey | 348 | |
| Use ability | 124 | |
1927 total
» units
| Peasant | 46 | |
| Rifleman | 8 | |
| Siege Engine | 6 | |
| Mortar Team | 10 | |
| Knight | 16 | |
| Gryphon Rider | 2 | |
88 total
» upgrades
| Lumber Harvesting | 2 | |
| Barrage | 1 | |
| Plating | 3 | |
| Gunpowder | 2 | |
| Flare | 1 | |
| Armor | 0 | |
| Swords | 2 | |
| Masonry | 1 | |
12 total
» buildings
| Altar of Kings | 1 | |
| Farm | 13 | |
| Blacksmith | 1 | |
| Barracks | 1 | |
| Lumber Mill | 2 | |
| Scout Tower | 28 | |
| Arcane Tower | 1 | |
| Arcane Vault | 1 | |
| Keep | 1 | |
| Town Hall | 4 | |
| Guard Tower | 10 | |
| Castle | 1 | |
| Workshop | 2 | |
| Gryphon Aviary | 1 | |
67 total
» build order
00:09 Altar of Kings
00:14 Farm
00:56 Blacksmith
01:18 Farm
01:57 Barracks
02:06 Lumber Mill
02:27 Scout Tower
02:36 Farm
03:01 Arcane Tower
03:18 Arcane Vault
03:37 Farm
04:28 Farm
04:56 Keep
05:42 Town Hall
05:47 Scout Tower
05:48 Scout Tower
05:48 Scout Tower
05:50 Scout Tower
06:01 Farm
06:21 Guard Tower
07:00 Farm
07:56 Scout Tower
07:57 Scout Tower
08:45 Castle
09:04 Guard Tower
09:08 Scout Tower
09:40 Guard Tower
10:11 Workshop
10:16 Workshop
11:29 Farm
11:30 Farm
12:15 Farm
13:34 Farm
13:36 Farm
14:24 Farm
15:46 Scout Tower
16:24 Scout Tower
16:26 Scout Tower
16:28 Scout Tower
17:10 Scout Tower
17:18 Guard Tower
17:48 Guard Tower
18:04 Town Hall
19:19 Scout Tower
20:45 Guard Tower
21:30 Town Hall
25:59 Scout Tower
25:59 Scout Tower
26:00 Scout Tower
26:00 Scout Tower
26:01 Scout Tower
27:40 Guard Tower
31:33 Town Hall
33:31 Gryphon Aviary
33:58 Scout Tower
33:59 Scout Tower
34:42 Guard Tower
35:13 Scout Tower
35:13 Scout Tower
35:18 Scout Tower
35:18 Scout Tower
35:35 Lumber Mill
35:49 Guard Tower
35:52 Scout Tower
» items
| Scroll of Regeneration | 4 | |
| Lesser Clarity Potion | 5 | |
| Orb of Fire | 2 | |
| Staff of Sanctuary | 2 | |
| Scroll of Town Portal | 7 | |
| Boots of Speed | 1 | |
| Potion of Lesser Invulnerability | 2 | |
23 total
team 2 (winner)

»
BMWM5 (
yellow | 85 APM | 3268 actions | 38:33)
8 Blademaster
3 Wind Walk
3 Critical Strike
1 Bladestorm
1 Mirror Image
6 Shadow Hunter
2 Hex
3 Healing Wave
1 Big Bad Voodoo
6 Tauren Chieftain
3 Endurance Aura
2 War Stomp
1 Reincarnation
» actions
| Assign group hotkey | 86 | |
| Basic commands | 55 | |
| Build / train | 129 | |
| Enter build submenu | 27 | |
| Enter hero's abilities submenu | 21 | |
| Give item / drop item | 2 | |
| Remove unit from queue | 1 | |
| Right click | 978 | |
| Select / deselect | 621 | |
| Select group hotkey | 1206 | |
| Use ability | 142 | |
3268 total
» units
| Peon | 18 | |
| Troll Batrider | 6 | |
| Demolisher | 1 | |
| Troll Headhunter/Berserker | 7 | |
| Kodo Beast | 2 | |
| Tauren | 5 | |
| Wind Rider | 3 | |
| Razormane Medicine Man | 1 | |
| Raider | 1 | |
44 total
» upgrades
| Ranged Weapons | 3 | |
| Liquid Fire | 1 | |
| Berserker Upgrade | 1 | |
| Troll Regeneration | 1 | |
| Reinforced Defenses | 1 | |
| Armor | 1 | |
| Spiked Barricades | 1 | |
| Envenomed Spears | 1 | |
| Melee Weapons | 1 | |
| Ensnare | 1 | |
| Pillage | 1 | |
13 total
» buildings
| Altar of Storms | 1 | |
| Orc Burrow | 7 | |
| War Mill | 1 | |
| Voodoo Lounge | 2 | |
| Barracks | 1 | |
| Stronghold | 5 | |
| Fortress | 4 | |
| Beastiary | 3 | |
| Watch Tower | 13 | |
| Great Hall | 6 | |
43 total
» build order
00:15 Altar of Storms
00:21 Orc Burrow
00:52 War Mill
01:10 Voodoo Lounge
01:52 Barracks
02:03 Orc Burrow
03:01 Stronghold
03:02 Stronghold
03:30 Orc Burrow
06:02 Fortress
06:05 Beastiary
06:06 Beastiary
06:09 Beastiary
06:24 Orc Burrow
08:57 Watch Tower
12:58 Great Hall
14:02 Watch Tower
14:04 Watch Tower
14:43 Watch Tower
14:44 Watch Tower
15:28 Orc Burrow
15:29 Orc Burrow
18:17 Stronghold
18:17 Stronghold
20:46 Fortress
21:24 Great Hall
21:27 Watch Tower
21:27 Watch Tower
21:39 Great Hall
25:46 Stronghold
26:03 Watch Tower
27:46 Great Hall
27:50 Orc Burrow
28:39 Watch Tower
28:40 Watch Tower
28:40 Watch Tower
28:40 Watch Tower
31:34 Great Hall
33:52 Watch Tower
34:43 Great Hall
35:30 Voodoo Lounge
38:32 Fortress
38:33 Fortress
» items
| Healing Salve | 3 | |
| Circlet of Nobility | 2 | |
| Boots of Speed | 3 | |
| Orb of Lightning | 1 | |
| Scroll of Town Portal | 2 | |
| Scroll of Protection | 2 | |
| Potion of Lesser Invulnerability | 2 | |
| Scroll of Healing | 2 | |
| Lesser Clarity Potion | 2 | |
| Scroll of Speed | 1 | |
| Periapt of Vitality | 1 | |
21 total
StinG. (
green | 123 APM | 1331 actions | 10:50)
3 Blademaster
1 Wind Walk
2 Critical Strike
» actions
| Assign group hotkey | 19 | |
| Build / train | 32 | |
| ESC pressed | 6 | |
| Enter build submenu | 25 | |
| Enter hero's abilities submenu | 3 | |
| Right click | 968 | |
| Select / deselect | 201 | |
| Select group hotkey | 23 | |
| Use ability | 54 | |
1331 total
» units
» buildings
| Altar of Storms | 2 | |
| Orc Burrow | 9 | |
| Barracks | 1 | |
| Voodoo Lounge | 1 | |
| Stronghold | 2 | |
| War Mill | 1 | |
| Fortress | 1 | |
| Beastiary | 2 | |
19 total
» build order
00:08 Altar of Storms
00:09 Altar of Storms
00:20 Orc Burrow
00:43 Barracks
01:23 Orc Burrow
02:07 Voodoo Lounge
03:06 Orc Burrow
05:29 Stronghold
05:29 Stronghold
06:16 War Mill
06:44 Orc Burrow
09:09 Fortress
09:12 Orc Burrow
09:13 Orc Burrow
09:28 Orc Burrow
09:32 Beastiary
09:36 Beastiary
09:46 Orc Burrow
09:54 Orc Burrow
» items
| Healing Salve | 1 | |
| Lesser Clarity Potion | 2 | |
| Scroll of Speed | 1 | |
4 total
BloodyElves (
purple | 53 APM | 2041 actions | 38:33)
6 Demon Hunter
2 Evasion
3 Mana Burn
1 Metamorphosis
5 Warden
3 Fan of Knives
2 Shadow Strike
2 Blademaster
1 Wind Walk
1 Critical Strike
» actions
| Assign group hotkey | 40 | |
| Basic commands | 9 | |
| Build / train | 74 | |
| Enter build submenu | 35 | |
| Enter hero's abilities submenu | 13 | |
| Give item / drop item | 1 | |
| Remove unit from queue | 1 | |
| Right click | 692 | |
| Select / deselect | 373 | |
| Select group hotkey | 641 | |
| Use ability | 162 | |
2041 total
» units
| Wisp | 18 | |
| Archer | 3 | |
| Dryad | 9 | |
| Druid of the Claw | 3 | |
33 total
» upgrades
| Strength of the Wild | 3 | |
| Reinforced Hides | 1 | |
| Ultravision | 1 | |
| Abolish Magic | 1 | |
| Druid of the Claw Training | 2 | |
8 total
» buildings
| Altar of Elders | 1 | |
| Ancient of War | 1 | |
| Moon Well | 14 | |
| Ancient of Wonders | 2 | |
| Hunter's Hall | 2 | |
| Tree of Ages | 2 | |
| Tree of Life | 2 | |
| Ancient Protector | 2 | |
| Ancient of Lore | 4 | |
| Tree of Eternity | 1 | |
| Orc Burrow | 1 | |
| Watch Tower | 5 | |
| Great Hall | 1 | |
38 total
» build order
00:17 Altar of Elders
00:20 Ancient of War
00:24 Moon Well
01:36 Moon Well
01:57 Ancient of Wonders
02:49 Hunter's Hall
04:20 Tree of Ages
04:27 Tree of Life
04:41 Ancient Protector
05:11 Moon Well
05:19 Ancient Protector
07:11 Ancient of Lore
07:13 Ancient of Lore
07:19 Ancient of Lore
07:37 Tree of Eternity
10:50 Moon Well
12:29 Moon Well
13:26 Moon Well
13:29 Moon Well
13:44 Moon Well
15:50 Tree of Life
18:01 Tree of Ages
19:35 Moon Well
19:36 Moon Well
19:36 Moon Well
20:34 Hunter's Hall
20:41 Moon Well
20:45 Ancient of Wonders
21:13 Moon Well
21:32 Moon Well
21:39 Ancient of Lore
24:43 Orc Burrow
28:54 Watch Tower
28:56 Watch Tower
28:59 Watch Tower
29:31 Great Hall
30:27 Watch Tower
30:30 Watch Tower
» items
| Potion of Healing | 3 | |
| Lesser Clarity Potion | 2 | |
| Staff of Preservation | 1 | |
| Scroll of Town Portal | 4 | |
| Orb of Venom | 1 | |
| Orb of Lightning | 1 | |
| Scroll of Healing | 2 | |
| Boots of Speed | 1 | |
15 total

»
Mr.Destroyer (
red | 32 APM | 389 actions | 12:20)
2 Blademaster
1 Wind Walk
1 Critical Strike
» actions
| Build / train | 35 | |
| Enter build submenu | 12 | |
| Enter hero's abilities submenu | 2 | |
| Right click | 243 | |
| Select / deselect | 76 | |
| Use ability | 21 | |
389 total
» units
» upgrades
| Armor | 2 | |
| Melee Weapons | 3 | |
| Reinforced Defenses | 1 | |
| Pulverize | 1 | |
| Spirit Walker Training | 1 | |
| Shaman Training | 1 | |
9 total
» buildings
| Altar of Storms | 1 | |
| Orc Burrow | 4 | |
| Voodoo Lounge | 1 | |
| War Mill | 1 | |
| Stronghold | 1 | |
| Fortress | 1 | |
| Tauren Totem | 1 | |
| Spirit Lodge | 1 | |
11 total
» build order
00:09 Altar of Storms
00:14 Orc Burrow
00:45 Voodoo Lounge
01:18 War Mill
01:35 Orc Burrow
02:02 Orc Burrow
04:22 Stronghold
04:53 Orc Burrow
06:56 Fortress
09:58 Tauren Totem
10:09 Spirit Lodge
» items
| Healing Salve | 2 | |
| Lesser Clarity Potion | 2 | |
| Orb of Lightning | 1 | |
| Potion of Healing | 1 | |
| Scroll of Town Portal | 1 | |
7 total
Chat log
(04:15 / Allies) cowichan: cool orange
(04:18 / Allies) cowichan: feed me
(04:31 / Allies) coco]: go kill him
(04:36 / Allies) coco]: he tkme first
(04:37 / Allies) coco]: all
(06:05 / Allies) coco]: goooo
(06:08 / Allies) coco]: he tk
(06:12 / Allies) cowichan: its ine
(06:15 / Allies) cowichan: hes feeding
(06:28 / Allies) coco]: idiot he tk me first
(06:33 / Allies) coco]: fuck u
(06:36 / Allies) coco]: see later
(06:42 / Allies) cowichan: fight
(06:43 / Allies) cowichan: we can win
(06:49 / Allies) coco]: u are an idiot
(06:57 / Allies) cowichan: i just dont give up
(07:07 / Allies) coco]: me too
(07:19 / Allies) coco]: but later if they tp with units we are dead
(07:25 / Allies) coco]: and that s is stupid
(07:35 / Allies) coco]: top
(08:24 / Allies) THENEWB: help plase
(08:33 / Allies) coco]: don t
(09:11 / Allies) coco]: don t
(11:03 / Allies) cowichan: tower
(11:15 / Allies) THENEWB: gold for tower plase
(11:18 / Allies) coco]: orange kill me later
(11:21 / Allies) coco]: no sense
(13:04 / Allies) THENEWB: HELP
(13:11 / Allies) THENEWB: TK
(13:13 / Allies) THENEWB: HELP
(13:26 / Allies) THENEWB: HELP TK
(13:46 / Allies) THENEWB: HELP TK
(14:19 / All) THENEWB: TK
(15:08 / All) THENEWB: PINK ASSHOLE
(15:10 / All) THENEWB: HIM NOT TEAM PLAYER
(15:24 / Allies) THENEWB: PLAY SOLO ASSHOLE
(18:07 / Allies) THENEWB: 100 gold plz
(18:25 / Allies) THENEWB: 100 gold plz som1
(19:02 / Allies) THENEWB: can som1 give me 100 gold plz
(19:33 / Allies) THENEWB: ty!!!
(21:02 / Allies) coco]: kill this idiot
(21:12 / Allies) THENEWB: U TK FIRST ASSHOLE
(25:40 / Allies) dfgjjjkyshdgkds: teal
(27:00 / Allies) coco]: u have fun?
(27:16 / Allies) THENEWB: SLEDGEHAMMER OF JUSTICE AGAINST TKS
(28:25 / Allies) coco]: fight idiot
(28:33 / Allies) dfgjjjkyshdgkds: lol
(30:16 / Allies) coco]: tp or sleep all the game?
(32:12 / Allies) cowichan: tp?
(32:18 / Allies) dfgjjjkyshdgkds: ok
(32:28 / Allies) cowichan: pt
(32:29 / Allies) cowichan: tp
(32:30 / Allies) cowichan: tp
(32:30 / Allies) cowichan: tp
(32:31 / Allies) cowichan: tp
(32:37 / Allies) cowichan: 111
(32:40 / Allies) cowichan: pink
(34:29 / Allies) coco]: now we lost all
(34:31 / Allies) coco]: nice
(34:35 / Allies) cowichan: dude
(34:37 / Allies) cowichan: you didnt tp
(34:43 / Allies) coco]: lol?
(34:49 / Allies) coco]: u tp to me?
(35:01 / All) THENEWB: pink not team player
(35:06 / Allies) THENEWB: PLAY SOLO PINK
(35:44 / Allies) coco]: plz killlkll this idiottyt
(36:44 / Allies) dfgjjjkyshdgkds: childs
(36:47 / Allies) dfgjjjkyshdgkds: you
(36:49 / Allies) dfgjjjkyshdgkds: are
(37:37 / Allies) THENEWB: LEARN 2 BE A TEAM PLAYER
(37:40 / All) BMWM5: AM I TOO GOOD?
(37:49 / All) coco]: u are an idiot
(37:58 / All) coco]: u just luck orange tk
(38:02 / All) coco]: all the game
(38:04 / All) THENEWB: PINK TK ME
(38:07 / All) THENEWB: NOW HE CRY